 Dungeon Crawl Stone Soup version 0.19.5 (webtiles) character file.

2481 greprep the Covert (level 9, 0/44 HPs)
             Began as a Spriggan Enchanter on May 15, 2017.
             Killed from afar by Dowan (13 damage)
             ... with a stone arrow
             ... on level 6 of the Dungeon.
             The game lasted 00:23:24 (8013 turns).

greprep the Covert (Spriggan Enchanter)             Turns: 8013, Time: 00:23:26

Health: 0/44       AC: 10    Str:  4    XL:     9   Next: 27%
Magic:  0/18       EV: 20    Int: 16    God:
Gold:   301        SH:  0    Dex: 20    Spells: 4 memorised, 10 levels left

rFire  . . .     SeeInvis +     g - +0 dagger (venom)
rCold  . . .     Gourm    .     b - +1 robe
rNeg   . . .     Faith    .     (shield restricted)
rPois  .         Spirit   .     (helmet restricted)
rElec  .         Reflect  .     (no cloak)
rCorr  .         Harm     .     (gloves unavailable)
MR     +....                    (boots unavailable)
Stlth  +++++.....               f - amulet of regeneration
                                o - +2 ring of protection
                                j - +5 ring of protection

@: very quick
A: unfitting armour, see invisible, herbivore 3, speed 3, slow metabolism 2
a: no special abilities


You were on level 6 of the Dungeon.
You were not hungry.

You visited 1 branch of the dungeon, and saw 6 of its levels.
You also visited: Sewer.

You collected 301 gold pieces.

Inventory:

Hand Weapons
 a - a +1 dagger
 g - a +0 dagger of venom (weapon)
Armour
 b - a +1 robe (worn)
Jewellery
 f - an amulet of regeneration (around neck)
 j - a +5 ring of protection (left hand)
 o - a +2 ring of protection (right hand)
 x - a +2 ring of evasion {unknown}
 y - the ring of Allumow {*Drain rN+ EV+3 Int+5, unknown}
   (You found it on level 4 of the Dungeon)

   [ring of evasion]

   It affects your evasion (+3).
   It affects your intelligence (+5).
   It protects you from negative energy.
   It causes draining when unequipped.
Wands
 q - a wand of confusion (19/48)
 w - a wand of flame (32/48)
Scrolls
 m - a scroll of magic mapping
 s - 3 scrolls of teleportation
 t - a scroll of enchant armour {unknown}
 v - 2 scrolls of remove curse
 D - a scroll of amnesia
Potions
 e - 2 potions of degeneration {unknown}
 h - 3 potions of curing
 i - a potion of beneficial mutation {unknown}
 k - a potion of lignification {unknown}
 l - a potion of invisibility {unknown}
 p - a potion of might {unknown}
 r - 3 potions of heal wounds
 A - 3 potions of flight
 C - 2 potions of agility {unknown}
 E - a potion of haste {unknown}
Books
 c - a book of Maledictions

   Spells                             Type                      Level
   a - Corona                         Hexes                        1
   b - Ensorcelled Hibernation        Hexes/Ice                    2
   c - Confuse                        Hexes                        3
   d - Tukima's Dance                 Hexes                        3
   e - Dazzling Spray                 Conjuration/Hexes            3
 u - a book of Changes

   Spells                             Type                      Level
   a - Beastly Appendage              Transmutation                1
   b - Sticks to Snakes               Transmutation                2
   c - Spider Form                    Transmutation/Poison         3
   d - Ice Form                       Ice/Transmutation            4
   e - Blade Hands                    Transmutation                5
 z - a book of Minor Magic

   Spells                             Type                      Level
   a - Magic Dart                     Conjuration                  1
   b - Blink                          Translocation                2
   c - Call Imp                       Summoning                    2
   d - Repel Missiles                 Charms/Air                   2
   e - Slow                           Hexes                        2
   f - Conjure Flame                  Conjuration/Fire             3
   g - Mephitic Cloud                 Conjuration/Poison/Air       3
 B - a book of Debilitation

   Spells                             Type                      Level
   a - Corona                         Hexes                        1
   b - Slow                           Hexes                        2
   c - Gell's Gravitas                Hexes/Translocation          3
   d - Inner Flame                    Hexes/Fire                   3
   e - Cause Fear                     Hexes                        4
   f - Leda's Liquefaction            Hexes/Earth                  4
Comestibles
 d - 4 bread rations
 n - 3 fruits
 F - a royal jelly


   Skills:
 * Level 3.3 Fighting
 * Level 4.8 Short Blades
 * Level 3.1 Armour
 + Level 4.4 Dodging
 * Level 11.5 Stealth
 + Level 5.7 Spellcasting
 + Level 6.4 Hexes
 + Level 1.7 Ice Magic


You had 10 spell levels left.
You knew the following spells:

 Your Spells              Type           Power        Failure   Level  Hunger
a - Corona                Hex            ####...      1%          1    None
b - Ensorcelled Hibernat  Hex/Ice        ###...       4%          2    #......
c - Confuse               Hex            ####....     3%          3    ##.....
d - Mephitic Cloud        Conj/Pois/Air  #.......     52%         3    ##.....


Dungeon Overview and Level Annotations

Branches:
Dungeon (6/15)             Temple (0/1) D:5

Altars:
Sif Muna
Xom
Yredelemnul

Shops:
D:6 %

Annotations:
D:6 Dowan


Innate Abilities, Weirdness & Mutations

You are very small and have problems with some larger weapons.
You are too small for most types of armour.
You have supernaturally acute eyesight. (SInv)
You are a herbivore.
You cover ground extremely quickly.
You need consume almost no food.


Message History

The shard of ice hits you! Dowan casts a spell at you.
The shard of ice misses you.
You hit Dowan but do no damage.
Dowan is poisoned.
Dowan barely misses you.
You hit Dowan.
Dowan looks as sick as possible!
Dowan is lightly wounded.
Dowan gestures at you while chanting. The shard of ice hits you!
Casting: Confuse
Confirm with . or Enter, or press ? or * to list all spells.
Aiming: Ensorcelled Hibernation
Press: ? - help, Shift-Dir - straight line, f/p - Dowan
Aim: Dowan, wielding a dagger and wearing an embroidered robe (moderately wounded, fast, poisoned, chance to defeat MR: 48%) Dowan resists with almost no effort.
Dowan gestures at you while chanting. The shard of ice hits you!
* * * LOW HITPOINT WARNING * * *
Dowan gestures at you while chanting. The stone arrow hits you!
You die...

#####.###..........#########...#.
....>.# #.########.# ##.##.
####### #.# #.# #.##. #.# #.#
#.##. #># #.# #.##. #.#
#.##########.##. #.#
#...............
#.###################.<..
#.##....@.# ####. #.##.####.# #..
#.##.# #e# #.. #..#.#
#.########### #.. ##.#.#
#........)..# #.. #.#.#
###########.# #.. #######.#.# #..
#.........# #.. #.#####.### #..


You could see Dowan.

Vanquished Creatures
  The ghost of kalagan the Chiller, a novice OpIE of Vehumet (D:4)
  Prince Ribbit (D:5)
  Sigmund (D:2)
  Duvessa (D:6)
  2 ice beasts (D:5)
  A sky beast (D:6)
  6 ogres
  The ghost of edgar the Stinger, an amateur SpVM (D:3)
  A scorpion (D:3)
  2 howler monkeys (D:5)
  A crimson imp (D:5)
  An orc priest (D:4)
  A bullfrog skeleton (D:5)
  2 hounds (D:5)
  2 iguanas
  7 orc wizards
  Natasha (thrice) (D:2)
  3 worker ants (D:5)
  A hound skeleton (D:4)
  Robin (D:2)
  8 adders
  A river rat (D:5)
  3 oozes (Sewer)
  9 worms
  A dart slug (D:1)
  7 leopard geckos
  15 orcs
  10 bats
  4 giant cockroaches
  10 hobgoblins
  6 jackals
  3 quokkas
  5 ball pythons
  8 frilled lizards
  22 goblins
  15 kobolds
  A leopard gecko zombie (D:5)
  A quokka skeleton (D:4)
  10 rats
  5 bushes (D:1)
  3 plants (D:1)
186 creatures vanquished.

Vanquished Creatures (others)
  A plant (D:1)
1 creature vanquished.

Grand Total: 187 creatures vanquished

Notes
Turn   | Place    | Note
-------+----------+-------------------------------------------
     0 | D:1      | greprep the Spriggan Enchanter began the quest for the Orb.
     0 | D:1      | Reached XP level 1. HP: 9/9 MP: 5/5
   367 | D:1      | Reached XP level 2. HP: 6/13 MP: 2/6
   371 | D:1      | Learned a level 2 spell: Ensorcelled Hibernation
   710 | D:1      | Reached skill level 5 in Stealth
  1755 | D:2      | Reached XP level 3. HP: 16/16 MP: 8/8
  2006 | D:2      | Noticed Sigmund
  2046 | D:2      | Learned a level 3 spell: Confuse
  2057 | D:2      | Killed Sigmund
  2057 | D:2      | Reached skill level 1 in Fighting
  2057 | D:2      | Reached skill level 1 in Armour
  2057 | D:2      | Reached XP level 4. HP: 22/22 MP: 1/10
  2057 | D:2      | Reached XP level 5. HP: 25/25 MP: 1/11
  2240 | D:2      | Reached skill level 6 in Stealth
  2284 | D:2      | Noticed Natasha
  2291 | D:2      | Killed Natasha
  2291 | D:2      | Reached skill level 1 in Ice Magic
  2757 | D:2      | Noticed Robin
  2788 | D:2      | Killed Robin
  2800 | D:2      | Reached XP level 6. HP: 30/30 MP: 5/12
  3259 | D:2      | Noticed Natasha
  3264 | D:2      | Killed Natasha
  3352 | D:2      | Noticed Natasha
  3387 | D:2      | Killed Natasha
  3757 | D:3      | Noticed edgar's ghost (amateur SpVM)
  3777 | D:3      | Killed edgar's ghost
  3823 | D:3      | Reached skill level 7 in Stealth
  4164 | D:4      | Reached XP level 7. HP: 34/34 MP: 0/14
  4291 | D:4      | Reached skill level 8 in Stealth
  4448 | D:4      | Noticed kalagan's ghost (novice OpIE)
  4469 | D:4      | Killed kalagan's ghost
  4469 | D:4      | Reached skill level 9 in Stealth
  4469 | D:4      | Reached skill level 5 in Hexes
  4571 | D:4      | Got a coiled glass ring
  4637 | D:4      | Found a shimmering altar of Xom.
  4641 | D:4      | Found a shattered altar of Ashenzari.
  4641 | D:4      | Found a shattered altar of Ashenzari.
  4643 | D:4      | Found a basalt altar of Yredelemnul.
  4643 | D:4      | Found a sparkling altar of Nemelex Xobeh.
  4643 | D:4      | Found a deep blue altar of Sif Muna.
  4889 | D:4      | Found a deep blue altar of Sif Muna.
  4912 | D:4      | Reached XP level 8. HP: 39/39 MP: 0/16
  5227 | D:5      | Entered Level 5 of the Dungeon
  5375 | D:5      | Reached skill level 5 in Spellcasting
  5400 | D:5      | Found a staircase to the Ecumenical Temple.
  5417 | D:5      | Noticed Prince Ribbit
  5422 | D:5      | Found a glowing drain.
  5468 | D:5      | Killed Prince Ribbit
  5468 | D:5      | Reached skill level 10 in Stealth
  5576 | Sewer    | Entered a sewer
  6862 | D:5      | Reached XP level 9. HP: 43/43 MP: 18/18
  6978 | D:5      | Found a basalt altar of Yredelemnul.
  7073 | D:5      | Reached skill level 11 in Stealth
  7499 | D:6      | Found Loll's Food Boutique.
  7615 | D:6      | Learned a level 3 spell: Mephitic Cloud
  7977 | D:6      | Noticed Dowan
  7980 | D:6      | Noticed Duvessa
  7991 | D:6      | Killed Duvessa
  8013 | D:6      | Killed from afar by Dowan

Skill      XL: |  1  2  3  4  5  6  7  8  9 |
---------------+----------------------------+-----
Stealth        | 5 6 7 9 10 11 | 11.5
Hexes          | 4 5 6 |  6.4
Spellcasting   | 3 4 5 |  5.7
Fighting       | 1 2 3 |  3.3
Short Blades   | 2 3 4 |  4.8
Armour         | 1 2 3 |  3.1
Ice Magic      | 1 |  1.7
Dodging        | 4 |  4.4

Action                   |  1- 3 |  4- 6 |  7- 9 || total
-------------------------+-------+-------+-------++-------
Melee: Dagger            |   395 |   148 |   246 ||   789
 Cast: Corona            |     8 |       |       ||     8
       Ensorcelled Hiber |    10 |    20 |    45 ||    75
       Confuse           |       |     7 |    28 ||    35
  Use: Scroll            |       |       |    11 ||    11
       Potion            |       |       |     2 ||     2
 Stab: Sleeping          |    10 |    16 |    36 ||    62
       Distracted        |       |     5 |       ||     5
       Confused          |       |     4 |    12 ||    16
  Eat: Bread ration      |       |     1 |     1 ||     2
Armor: Robe              |     9 |    21 |    40 ||    70
Dodge: Dodged            |    74 |   112 |   216 ||   402
